CAR
FREDERICK KEYS @ POTOMAC NATIONALS
08/20/2099
 
TOP OF THE 1ST
Frederick Keys batting - Pitching for Potomac Nationals : RHP Remco de Vos
Pitching: RHP Remco de Vos
Batting: RHB Jonathan Negrete 0-0: Called Strike
0-1: Ground out 6-3 (Groundball, 56, EV 85.6 MPH)
Batting: SHB Edgar Pedraza 0-0: Called Strike
0-1: Swinging Strike
0-2: Ball
1-2: Ball
2-2: Ball
3-2: Strikes out looking
Batting: RHB Chris Ashe 0-0: Ball
1-0: Foul Ball, location: 2F
1-1: Called Strike
1-2: Foul Ball, location: 9LDF
1-2: Strikes out swinging
Top of the 1st over - 0 runs, 0 hits, 0 errors, 0 left on base; Frederick 0 - Potomac 0
BOTTOM OF THE 1ST
Potomac Nationals batting - Pitching for Frederick Keys : LHP Marco Duran
Pitching: LHP Marco Duran
Batting: RHB Alejandro Escobar 0-0: Ball
1-0: Bunt for hit to P - play at first, batter safe!
Batting: RHB Jorge Ruiz 0-0: Called Strike
Alejandro Escobar is caught stealing 2nd base 2-4
0-1: Ball
1-1: Called Strike
1-2: Ball
2-2: SINGLE (Line Drive, 6M, EV 102.5 MPH)
Batting: RHB Mark Dittman 0-0: Swinging Strike
0-1: Ball
1-1: Swinging Strike
1-2: Strikes out swinging
Batting: RHB Elvin Gibbons 0-0: Ball
1-0: Ball
2-0: Foul Ball, location: 2F
2-1: Ball
3-1: Foul Ball, location: 5F
3-2: Foul Ball, location: 25FF
3-2: Base on Balls
Jorge Ruiz to second
Batting: RHB Harry Porter 0-0: Fly out, F8 (Flyball, 78M, EV 88.8 MPH)
Bottom of the 1st over - 0 runs, 2 hits, 0 errors, 2 left on base; Frederick 0 - Potomac 0
TOP OF THE 2ND
Frederick Keys batting - Pitching for Potomac Nationals : RHP Remco de Vos
Batting: RHB Marcus Brown 0-0: Called Strike
0-1: Called Strike
0-2: Ball
1-2: Ball
2-2: Strikes out looking
Batting: RHB Mario Martinez 0-0: Ball
1-0: Foul Ball, location: 2F
1-1: Called Strike
1-2: Strikes out swinging
Batting: RHB Chris Capellari 0-0: SINGLE (Flyball, 89S, EV 93.8 MPH)
Batting: RHB Jerry Williams 0-0: Ball
1-0: Called Strike
1-1: Swinging Strike
1-2: Ball
2-2: Foul Ball, location: 5FF
2-2: Ball
3-2: Foul Ball, location: 3FF
3-2: Base on Balls
Chris Capellari to second
Batting: RHB Dylan Elliott 0-0: Foul Ball, location: 3F
0-1: Called Strike
0-2: Ball
1-2: Foul Ball, location: 2F
1-2: Strikes out looking
Top of the 2nd over - 0 runs, 1 hit, 0 errors, 2 left on base; Frederick 0 - Potomac 0
BOTTOM OF THE 2ND
Potomac Nationals batting - Pitching for Frederick Keys : LHP Marco Duran
Batting: SHB Justin Blumer 0-0: Called Strike
0-1: Ball
1-1: Foul Ball, location: 2LF
1-2: Fly out, F8 (Flyball, 8RD, EV 110.6 MPH)
Batting: LHB Juan Flores 0-0: Called Strike
0-1: Ball
1-1: Foul Ball, location: 5SF
1-2: SINGLE (Line Drive, 78S, EV 84.4 MPH)
Batting: RHB Luis Quiroga 0-0: Ball
1-0: Foul Ball, location: 5F
1-1: Called Strike
1-2: Foul Ball, location: 5F
1-2: Foul Ball, location: 9LMF
1-2: Strikes out swinging
Batting: RHB Danny Carmona 0-0: Ball
1-0: Called Strike
1-1: Ground out 6-3 (Groundball, 6S, EV 68.8 MPH)
Bottom of the 2nd over - 0 runs, 1 hit, 0 errors, 1 left on base; Frederick 0 - Potomac 0
TOP OF THE 3RD
Frederick Keys batting - Pitching for Potomac Nationals : RHP Remco de Vos
Batting: RHB Danny Phillips 0-0: Ball
1-0: Ball
2-0: Ball
3-0: Base on Balls
Batting: RHB Jonathan Negrete 0-0: Ball
1-0: Bunted foul
1-1: Ball
2-1: Bunted foul
2-2: DOUBLE (Line Drive, 9LS, EV 109.4 MPH)
Danny Phillips to third
Batting: SHB Edgar Pedraza 0-0: Ball
1-0: Ball
2-0: Called Strike
2-1: Ball
3-1: Base on Balls
Batting: RHB Chris Ashe 0-0: Foul Ball, location: 2F
0-1: Swinging Strike
0-2: Ball
1-2: Strikes out swinging
Batting: RHB Marcus Brown 0-0: Grounds into double play, 6-4-3 (Groundball, 6, EV 79.4 MPH)
Top of the 3rd over - 0 runs, 1 hit, 0 errors, 2 left on base; Frederick 0 - Potomac 0
BOTTOM OF THE 3RD
Potomac Nationals batting - Pitching for Frederick Keys : LHP Marco Duran
Batting: RHB Alejandro Escobar 0-0: Ball
1-0: Foul Ball, location: 2F
1-1: Foul Ball, location: 7LMF
1-2: Ball
2-2: Ground out 6-3 (Groundball, 6, EV 90.0 MPH)
Batting: RHB Jorge Ruiz 0-0: Ball
1-0: Fly out, F8 (Line Drive, 8LM, EV 91.3 MPH)
Batting: RHB Mark Dittman 0-0: Fly out, F9 (Flyball, 9S, EV 90.6 MPH)
Bottom of the 3rd over - 0 runs, 0 hits, 0 errors, 0 left on base; Frederick 0 - Potomac 0
TOP OF THE 4TH
Frederick Keys batting - Pitching for Potomac Nationals : RHP Remco de Vos
Batting: RHB Mario Martinez 0-0: Ball
1-0: Ball
2-0: Foul Ball, location: 5SF
2-1: Ball
3-1: Called Strike
3-2: Strikes out looking
Batting: RHB Chris Capellari 0-0: Ball
1-0: Ground out 6-3 (Groundball, 6, EV 99.4 MPH)
Batting: RHB Jerry Williams 0-0: Ball
1-0: Called Strike
1-1: Foul Ball, location: 25F
1-2: Foul Ball, location: 9LMF
1-2: Strikes out swinging
Top of the 4th over - 0 runs, 0 hits, 0 errors, 0 left on base; Frederick 0 - Potomac 0
BOTTOM OF THE 4TH
Potomac Nationals batting - Pitching for Frederick Keys : LHP Marco Duran
Batting: RHB Elvin Gibbons 0-0: SINGLE (Groundball, 34, EV 98.8 MPH)
Batting: RHB Harry Porter 0-0: Ball
1-0: Grounds into double play, 6-4-3 (Groundball, 6, EV 83.8 MPH)
Batting: SHB Justin Blumer 0-0: Ball
1-0: Foul Ball, location: 2F
1-1: Ball
2-1: Foul Ball, location: 2F
2-2: Foul Ball, location: 25FF
2-2: Foul Ball, location: 2F
2-2: SOLO HOME RUN (Flyball, 78XD, EV 109.4 MPH), Distance : 429 ft
Batting: LHB Juan Flores 0-0: Foul Ball, location: 3F
0-1: Ball
1-1: Ball
2-1: Foul Ball, location: 2F
2-2: Ground out U3 (Groundball, 34, EV 106.3 MPH)
Bottom of the 4th over - 1 run, 2 hits, 0 errors, 0 left on base; Frederick 0 - Potomac 1
TOP OF THE 5TH
Frederick Keys batting - Pitching for Potomac Nationals : RHP Remco de Vos
Batting: RHB Dylan Elliott 0-0: SINGLE (Line Drive, 8RS, EV 98.1 MPH)
Batting: RHB Danny Phillips 0-0: Ball
1-0: Ball
2-0: Bunted foul
2-1: Sac Bunt to 23 - play at first, batter OUT! 3-4
Dylan Elliott to second
Batting: RHB Jonathan Negrete 0-0: Fly out, F5 (Popup, 5, EV 70.6 MPH)
Batting: SHB Edgar Pedraza 0-0: Ball
1-0: Foul Ball, location: 7LMFF
1-1: Foul Ball, location: 5F
1-2: Fly out, F6 (Popup, 15, EV 90.6 MPH)
Top of the 5th over - 0 runs, 1 hit, 0 errors, 1 left on base; Frederick 0 - Potomac 1
BOTTOM OF THE 5TH
Potomac Nationals batting - Pitching for Frederick Keys : LHP Marco Duran
Batting: RHB Luis Quiroga 0-0: Ball
1-0: Ball
2-0: Called Strike
2-1: Fly out, F2 (Popup, 2LF, EV 93.8 MPH)
Batting: RHB Danny Carmona 0-0: Foul Ball, location: 3FF
0-1: Fly out, F9 (Flyball, 9D, EV 100.0 MPH)
Batting: RHB Alejandro Escobar 0-0: Called Strike
0-1: Foul Ball, location: 25F
0-2: Foul Ball, location: 9LDF
0-2: Ball
1-2: Strikes out looking
Bottom of the 5th over - 0 runs, 0 hits, 0 errors, 0 left on base; Frederick 0 - Potomac 1
TOP OF THE 6TH
Frederick Keys batting - Pitching for Potomac Nationals : RHP Remco de Vos
Batting: RHB Chris Ashe 0-0: Foul Ball, location: 25F
0-1: Ball
1-1: Foul Ball, location: 25F
1-2: Ball
2-2: Foul Ball, location: 7LDF
2-2: Ball
3-2: Strikes out looking
Batting: RHB Marcus Brown 0-0: Fly out, F7 (Line Drive, 78M, EV 91.9 MPH)
Batting: RHB Mario Martinez 0-0: Ball
1-0: Ground out 5-3 (Groundball, 56S, EV 67.5 MPH)
Top of the 6th over - 0 runs, 0 hits, 0 errors, 0 left on base; Frederick 0 - Potomac 1
BOTTOM OF THE 6TH
Potomac Nationals batting - Pitching for Frederick Keys : LHP Marco Duran
Batting: RHB Jorge Ruiz 0-0: Ball
1-0: Foul Ball, location: 2F
1-1: Foul Ball, location: 2F
1-2: Foul Ball, location: 9LSF
1-2: Ball
2-2: Fly out, F8 (Flyball, 78D, EV 99.4 MPH)
Batting: RHB Mark Dittman 0-0: Ball
1-0: Foul Ball, location: 5SF
1-1: Ball
2-1: Ball
3-1: Foul Ball, location: 2F
3-2: Foul Ball, location: 23FF
3-2: Strikes out looking
Batting: RHB Elvin Gibbons 0-0: Called Strike
0-1: Foul Ball, location: 9LDF
0-2: Ball
1-2: Hit by Pitch
Batting: RHB Harry Porter 0-0: Foul Ball, location: 2F
0-1: Swinging Strike
0-2: Ball
1-2: Strikes out swinging
Bottom of the 6th over - 0 runs, 0 hits, 0 errors, 1 left on base; Frederick 0 - Potomac 1
TOP OF THE 7TH
Frederick Keys batting - Pitching for Potomac Nationals : RHP Remco de Vos
Batting: RHB Chris Capellari 0-0: Swinging Strike
0-1: Foul Ball, location: 3FF
0-2: Ball
1-2: Ball
2-2: Foul Ball, location: 2F
2-2: Strikes out looking
Batting: RHB Jerry Williams 0-0: Ball
1-0: Swinging Strike
1-1: Ball
2-1: Fly out, F2 (Popup, 3SF, EV 73.8 MPH)
Pinch Hitting: RHB Jose Trujillo 0-0: Foul Ball, location: 7LDF
0-1: Called Strike
0-2: SINGLE (Groundball, 4MD, EV 103.8 MPH) (infield hit)
Pitching: LHP Jose Saucedo
Batting: RHB Danny Phillips 0-0: Ball
1-0: SINGLE (Flyball, 89S, EV 93.8 MPH)
Jose Trujillo to second
Batting: RHB Jonathan Negrete 0-0: Ball
1-0: Foul Ball, location: 3FF
1-1: Foul Ball, location: 7LMFF
1-2: Strikes out swinging
Top of the 7th over - 0 runs, 2 hits, 0 errors, 2 left on base; Frederick 0 - Potomac 1
BOTTOM OF THE 7TH
Potomac Nationals batting - Pitching for Frederick Keys : LHP Marco Duran
Pitching: LHP Francisco Milhinhos
Now at 3B: Tommy Pruitt
Batting: SHB Justin Blumer 0-0: Ball
1-0: Called Strike
1-1: Ball
2-1: Ground out 5-3 (Groundball, 56, EV 90.6 MPH)
Batting: LHB Juan Flores 0-0: Foul Ball, location: 3F
0-1: Foul Ball, location: 7LDF
0-2: Ball
1-2: Ball
2-2: SINGLE (Groundball, 4MD, EV 103.8 MPH)
Batting: RHB Luis Quiroga 0-0: Ball
1-0: Called Strike
1-1: Ball
2-1: Ball
3-1: Base on Balls
Juan Flores to second
Batting: RHB Danny Carmona 0-0: Foul Ball, location: 9LDF
0-1: Grounds into double play, 6-4-3 (Groundball, 6, EV 101.9 MPH)
Bottom of the 7th over - 0 runs, 1 hit, 0 errors, 1 left on base; Frederick 0 - Potomac 1
TOP OF THE 8TH
Frederick Keys batting - Pitching for Potomac Nationals : LHP Jose Saucedo
Pitching: RHP Seth Kurkowski
Now at 1B: Kurt LaBove
Batting: SHB Edgar Pedraza 0-0: Fly out, F7 (Line Drive, 78M, EV 97.5 MPH)
Batting: RHB Chris Ashe 0-0: Ball
1-0: Ball
2-0: Fly out, F7 (Flyball, 7D, EV 93.1 MPH)
Batting: RHB Marcus Brown 0-0: Fly out, F9 (Flyball, 9, EV 96.9 MPH)
Top of the 8th over - 0 runs, 0 hits, 0 errors, 0 left on base; Frederick 0 - Potomac 1
BOTTOM OF THE 8TH
Potomac Nationals batting - Pitching for Frederick Keys : LHP Francisco Milhinhos
Batting: RHB Alejandro Escobar 0-0: Called Strike
0-1: DOUBLE (Line Drive, 7LS, EV 106.9 MPH)
Batting: RHB Jorge Ruiz 0-0: SINGLE (Groundball, 6D, EV 99.4 MPH)
Alejandro Escobar to third
Batting: RHB Mark Dittman 0-0: Ball
1-0: Foul Ball, location: 7LDF
1-1: Ball
Wild Pitch!
Alejandro Escobar scores
Jorge Ruiz to second
2-1: Ball
3-1: Swinging Strike
3-2: Strikes out swinging wild pitch, reaches first!
Jorge Ruiz to third
Batting: RHB Elvin Gibbons 0-0: Ball
1-0: Ball
2-0: Called Strike
2-1: Foul Ball, location: 9LMF
2-2: 3-RUN HOME RUN (Flyball, 7D, EV 92.5 MPH), Distance : 364 ft
Pitching: LHP Mike Thimmes
Batting: LHB Kurt LaBove 0-0: Foul Ball, location: 2F
0-1: Fly out, F7 (Flyball, 8LS, EV 87.5 MPH)
Batting: SHB Justin Blumer 0-0: Called Strike
0-1: Called Strike
0-2: Strikes out looking
Batting: LHB Juan Flores 0-0: Ball
1-0: Swinging Strike
1-1: Called Strike
1-2: Strikes out looking
Bottom of the 8th over - 4 runs, 3 hits, 0 errors, 0 left on base; Frederick 0 - Potomac 5
TOP OF THE 9TH
Frederick Keys batting - Pitching for Potomac Nationals : RHP Seth Kurkowski
Batting: RHB Mario Martinez 0-0: Ball
1-0: Ball
2-0: Ground out 1-3 (Groundball, P, EV 71.3 MPH)
Batting: RHB Chris Capellari 0-0: Called Strike
0-1: Swinging Strike
0-2: Ground out 4-3 (Groundball, 34, EV 108.8 MPH)
Batting: RHB Jerry Williams 0-0: Swinging Strike
0-1: Called Strike
0-2: Strikes out swinging
Top of the 9th over - 0 runs, 0 hits, 0 errors, 0 left on base; Frederick 0 - Potomac 5
Wednesday, May 15th , 2024 - OOTP Baseball 24.11 Build 85